 Dungeon Crawl Stone Soup version 0.29.1-13-g9f3cf754e1 (webtiles) character file.

Game seed: 10780822988941641545

43 Thatpatchoflichen the Trooper (level 3, -1/40 HPs)
             Began as an Ogre Fighter on Jan 29, 2023.
             Succumbed to an adder's poison
             ... on level 2 of the Dungeon.
             The game lasted 00:01:55 (1296 turns).

Thatpatchoflichen the Trooper (Ogre Fighter)        Turns: 1296, Time: 00:01:56

Health: -1/40      AC:  3    Str: 20    XL:     3   Next: 58%
Magic:  3/3        EV:  9    Int:  9    God:
Gold:   37         SH:  7    Dex: 10    Spells: 2/2 levels left

rFire   . . .      SeeInvis .   a - +0 long sword
rCold   . . .      Faith    .   c - +0 kite shield
rNeg    . . .      Spirit   .   b - +0 robe
rPois   .          Reflect  .   (helmet restricted)
rElec   .          Harm     .   (no cloak)
rCorr   .          Rampage  .   (gloves unavailable)
Will    .....                   (boots unavailable)
Stlth   +.........              (no amulet)
HPRegen 0.13/turn               (no ring)
MPRegen 0.08/turn               (no ring)

@: lethally poisoned (-1 -> -8)
A: large, unfitting armour, tough skin 1
a: no special abilities


You were on level 2 of the Dungeon.
You visited 1 branch of the dungeon, and saw 2 of its levels.

You collected 37 gold pieces.

Inventory:

Hand Weapons
 a - a +0 long sword (weapon)
Armour
 b - a +0 robe (worn)
 c - a +0 kite shield (worn)
Scrolls
 h - a scroll of noise {unknown}
 i - 2 scrolls of teleportation {unknown}
 j - a scroll of identify {unknown}
Potions
 d - a potion of might
 e - a potion of curing {unknown}
 f - a potion of cancellation {unknown}
 g - 2 potions of haste {unknown}
 k - 2 potions of mutation {unknown}
 l - a potion of magic {unknown}


   Skills:
 + Level 4.5 Fighting
 + Level 2.3 Long Blades
 + Level 3.1 Dodging
 + Level 3.3 Shields


You had 2 spell levels left.
You didn't know any spells.
Your spell library was empty.

Dungeon Overview and Level Annotations

Branches:
Dungeon (2/15)

Altars:


Innate Abilities, Weirdness & Mutations

You are too large for most types of armour.
You have tough skin. (AC +1)


Message History

The adder bites you.
You are poisoned.
The adder poisons you! The adder bites you.
You closely miss the adder.
The adder is almost dead.
You feel sick. The adder bites you but does no damage.
You closely miss the adder.
The adder is almost dead.
You feel sick. The adder bites you.
You are more poisoned.
The adder poisons you! You block the adder's attack. x3
You closely miss the adder.
The adder is almost dead.
You feel very sick. The adder closely misses you.
You block the adder's attack. x2
The adder bites you.
You closely miss the adder.
The adder is almost dead.
You feel sick. The adder bites you. x2
* * * LOW HITPOINT WARNING * * *
You are more poisoned.
The adder poisons you! You block the adder's attack.
* * * LOW HITPOINT WARNING * * *
You feel sick. You block the adder's attack.
* * * LOW HITPOINT WARNING * * *
You feel sick. The adder barely misses you.
You see here a book of Conjurations.
The adder attacks as you move away! The adder bites you.
* * * LOW HITPOINT WARNING * * *
x2 You feel sick.
The adder attacks as you move away! The adder barely misses you.
* * * LOW HITPOINT WARNING * * *
You feel sick. The adder bites you.
* * * LOW HITPOINT WARNING * * *
There is a stone staircase leading up here.
The adder attacks as you move away! The adder bites you.
* * * LOW HITPOINT WARNING * * *
You are more poisoned.
The adder poisons you!
You die...

.....###.....##....
##.. ##..†...........#
#....#................
...$..................
#.#..#................
#..#..†.............
.............$.......
#.........:..........
#..........S<@......#
?..#####....S##.....##
... ####### ###### .?


You could see 2 adders.

Vanquished Creatures
  A worm (D:2)
  A dart slug (D:1)
  3 ball pythons
  3 bats
  6 endoplasms (D:1)
  A giant cockroach (D:2)
  2 goblins (D:2)
  7 hobgoblins
  2 quokkas
  2 frilled lizards
  A kobold (D:1)
  3 rats
32 creatures vanquished.

Notes
Turn   | Place    | Note
-------+----------+-------------------------------------------
     0 | D:1      | Thatpatchoflichen the Ogre Fighter began the quest for the
                  | Orb.
     0 | D:1      | Reached XP level 1. HP: 24/24 MP: 1/1
   125 | D:1      | Found a faded altar of an unknown god.
   160 | D:1      | Reached XP level 2. HP: 28/32 MP: 2/2
   505 | D:1      | Reached XP level 3. HP: 27/40 MP: 3/3
  1296 | D:2      | HP: 1/40 [adder (2)]
  1296 | D:2      | Succumbed to an adder's poison

Illustrated notes

Levels and vault maps discovered:
D:1:      lightli_arrival_isolated_outpost, layout_loops_ring,
          shapermc_ecumenical_altar_totnotflames,
          corexii_item_surrounded_by_moat
D:2:      layout_rooms, uniq_jessica

Skill      XL: |  1  2 |
---------------+-------+-----
Long Blades    | 2 |  2.3
Dodging        | 3 |  3.1
Fighting       | |  4.5
Shields        | |  3.3

Action                   || total
-------------------------++-------
Melee: Long sword        ||    95
Armor: Robe              ||    50
Dodge: Dodged            ||    54
Block: Kite shield       ||    64
